 Dungeon Crawl Stone Soup version 0.27.0-1-g7a089689b8 (webtiles) character file.

Game seed: 17934810570882282556

100 Thatpatchoflichen the Digger (level 4, -1/32 HPs)
             Began as a Gnoll Earth Elementalist on Aug 9, 2021.
             Slain by Terence (7 damage)
             ... on level 2 of the Dungeon.
             The game lasted 00:07:38 (2451 turns).

Thatpatchoflichen the Digger (GnEE)                 Turns: 2451, Time: 00:07:39

Health: -1/32      AC:  9    Str:  8    XL:     4   Next: 74%
Magic:  0/11       EV: 11    Int: 15    God:
Gold:   124        SH:  0    Dex: 12    Spells: 10/13 levels left

rFire    . . .     SeeInvis .   f - +0 whip
rCold    . . .     Faith    .   (no shield)
rNeg     . . .     Spirit   .   g - +2 ring mail {Will+}
rPois    .         Reflect  .   j - +0 helmet
rElec    .         Harm     .   (no cloak)
rCorr    .         Rampage  .   (no gloves)
Will     +....                  l - +0 pair of boots
Stlth    ++........             (no amulet)
HPRegen  0.10/turn              k - ring of wizardry
MPRegen  0.12/turn              (no ring)

@: no status effects
A: fangs 1, strong nose, distributed training
a: no special abilities


You were on level 2 of the Dungeon.
You visited 1 branch of the dungeon, and saw 3 of its levels.

You collected 124 gold pieces.

Inventory:

Hand Weapons
 f - a +0 whip (weapon)
 n - a +0 spear
Missiles
 c - 13 stones
 m - 27 sling bullets
Armour
 g - a +2 ring mail of willpower (worn)
 j - a +0 helmet (worn)
 l - a +0 pair of boots (worn)
Jewellery
 k - a ring of wizardry (left hand)
Scrolls
 a - 3 scrolls of identify {unknown}
 e - a scroll of fear {unknown}
 h - a scroll of enchant armour {unknown}
Potions
 b - a potion of mutation {unknown}
 d - 3 potions of curing {unknown}
 i - a potion of ambrosia {unknown}


   Skills:
 + Level 1.2 Fighting
 + Level 1.2 Short Blades
 + Level 1.2 Long Blades
 + Level 1.2 Axes
 + Level 1.2 Maces & Flails
 + Level 1.2 Polearms
 + Level 1.2 Staves
 + Level 1.2 Slings
 + Level 1.2 Bows
 + Level 1.2 Crossbows
 + Level 1.2 Throwing
 + Level 1.2 Armour
 + Level 4.7 Dodging
 + Level 4.3 Stealth
 + Level 1.2 Shields
 + Level 1.2 Unarmed Combat
 + Level 5.1 Spellcasting
 + Level 1.0 Conjurations
 + Level 1.0 Hexes
 + Level 1.0 Summonings
 + Level 1.0 Necromancy
 + Level 1.0 Translocations
 + Level 2.3 Transmutations
 + Level 1.0 Fire Magic
 + Level 1.0 Ice Magic
 + Level 1.0 Air Magic
 + Level 5.5 Earth Magic
 + Level 1.0 Poison Magic
 + Level 1.3 Invocations
 + Level 1.2 Evocations


You had 10 spell levels left.
You knew the following spells:

 Your Spells              Type           Power      Damage    Failure   Level
a - Sandblast             Erth           40%        2d10      1%          1
b - Passwall              Tmut/Erth      12%        N/A       6%          2

Your spell library contained the following spells:

 Spells                   Type           Power      Damage    Failure   Level
 Stone Arrow              Conj/Erth      26%        3d8       16%         3
 Frozen Ramparts          Ice            12%        1d3       34%         3
 Petrify                  Tmut/Erth      15%        N/A       34%         4
 Ice Form                 Ice/Tmut       8%         N/A       65%         4
 Summon Ice Beast         Ice/Summ       6%         N/A       75%         4


Dungeon Overview and Level Annotations

Branches:
Dungeon (3/15)

Altars:

Shops:
D:1 *[*

Annotations:
D:2 Terence


Innate Abilities, Weirdness & Mutations

You have very sharp teeth.
Your uncanny sense of smell can sniff out nearby items.
Your experience applies equally to all skills.


Message History

You writhe in agony.
Aiming: Sandblast (safe; 1% risk of failure)
Press: ? - help, Q - select action, (/) - cycle Shift-Dir - straight line, f/p - Terence
Aim: Terence, wielding a +2 morningstar of pain and wearing a +0 chain mail (lightly wounded, 86% to hit)
The blast of sand hits Terence but does no damage.
Terence is lightly wounded.
Terence hits you with a +2 morningstar of pain.
Aiming: Sandblast (safe; 1% risk of failure)
Press: ? - help, Q - select action, (/) - cycle Shift-Dir - straight line, f/p - Terence
Aim: Terence, wielding a +2 morningstar of pain and wearing a +0 chain mail (lightly wounded, 86% to hit)
The blast of sand hits Terence!
Terence is severely wounded.
Terence hits you with a +2 morningstar of pain.
Aiming: Sandblast (safe; 1% risk of failure)
Press: ? - help, Q - select action, (/) - cycle Shift-Dir - straight line, f/p - Terence
Aim: Terence, wielding a +2 morningstar of pain and wearing a +0 chain mail (severely wounded, 86% to hit)
The blast of sand misses Terence.
Terence hits you with a +2 morningstar of pain.
Aiming: Sandblast (safe; 1% risk of failure)
Press: ? - help, Q - select action, (/) - cycle Shift-Dir - straight line, f/p - Terence
Aim: Terence, wielding a +2 morningstar of pain and wearing a +0 chain mail (severely wounded, 86% to hit)
The blast of sand hits Terence.
Terence is almost dead.
Terence hits you with a +2 morningstar of pain.
You writhe in agony.
Aiming: Sandblast (safe; 1% risk of failure)
Press: ? - help, Q - select action, (/) - cycle Shift-Dir - straight line, f/p - Terence
Aim: Terence, wielding a +2 morningstar of pain and wearing a +0 chain mail (almost dead, 86% to hit)
The blast of sand hits Terence but does no damage.
Terence is almost dead.
Terence hits you with a +2 morningstar of pain.
* * * LOW HITPOINT WARNING * * *
You don't have enough magic to cast this spell.
Unknown command.
Unknown command.
You don't have enough magic to cast this spell.
You barely miss Terence.
Terence is almost dead.
Terence hits you with a +2 morningstar of pain!
You die...

####†# ##............####
..##'## #......###.......
#.....## #......# ########
#......# ########......#######
#......# .....).##...........#
#......# ....... #..##.......#
#...†..##.......###.##.......#
#.8.8.8.##......@..............
#8.÷.....#......@...>#.......##
#...÷....#........####...#####
...÷.....########## #...#
.........####### #...#
.8.÷...._#.....# #...#
.#########.###.# ##### ## #.#
#.# #.# #.# #.# #.# #.# #.# #.#


You could see Terence.

Vanquished Creatures
  Natasha (twice) (D:2 D:1)
  A gnoll (D:1)
  An adder (D:2)
  3 bats
  3 endoplasms
  2 giant cockroaches (D:2)
  2 goblins
  2 hobgoblins (D:2)
  4 jackals (D:2)
  5 quokkas
  3 rats
28 creatures vanquished.

Notes
Turn   | Place    | Note
-------+----------+-------------------------------------------
     0 | D:1      | Thatpatchoflichen the Gnoll Earth Elementalist began the
                  | quest for the Orb.
     0 | D:1      | Reached XP level 1. HP: 13/13 MP: 6/6
   143 | D:1      | Found Doneol Dinao's Antique Armour Shoppe.
   377 | D:1      | Reached XP level 2. HP: 20/20 MP: 5/7
   791 | D:1      | Found Toriemie's Assorted Antiques.
   844 | D:1      | Found Doit's Assorted Antiques.
  1173 | D:2      | Noticed Natasha
  1181 | D:2      | Killed Natasha
  1182 | D:2      | Reached skill level 5 in Spellcasting
  1182 | D:2      | Reached skill level 1 in Invocations
  1182 | D:2      | Reached XP level 3. HP: 20/25 MP: 2/9
  1376 | D:2      | Noticed Natasha
  1529 | D:1      | Killed Natasha
  1530 | D:1      | Reached skill level 1 in Fighting
  1530 | D:1      | Reached skill level 1 in Short Blades
  1530 | D:1      | Reached skill level 1 in Long Blades
  1530 | D:1      | Reached skill level 1 in Axes
  1530 | D:1      | Reached skill level 1 in Maces & Flails
  1530 | D:1      | Reached skill level 1 in Polearms
  1530 | D:1      | Reached skill level 1 in Staves
  1530 | D:1      | Reached skill level 1 in Slings
  1530 | D:1      | Reached skill level 1 in Bows
  1530 | D:1      | Reached skill level 1 in Crossbows
  1530 | D:1      | Reached skill level 1 in Throwing
  1530 | D:1      | Reached skill level 1 in Armour
  1530 | D:1      | Reached skill level 1 in Shields
  1530 | D:1      | Reached skill level 1 in Unarmed Combat
  1530 | D:1      | Reached skill level 1 in Evocations
  1530 | D:1      | Reached XP level 4. HP: 26/32 MP: 7/11
  1534 | D:1      | Learned a level 2 spell: Passwall
  1857 | D:2      | Found a faded altar of an unknown god.
  1859 | D:2      | Reached skill level 1 in Conjurations
  1859 | D:2      | Reached skill level 1 in Hexes
  1859 | D:2      | Reached skill level 1 in Summonings
  1859 | D:2      | Reached skill level 1 in Necromancy
  1859 | D:2      | Reached skill level 1 in Translocations
  1859 | D:2      | Reached skill level 1 in Fire Magic
  1859 | D:2      | Reached skill level 1 in Ice Magic
  1859 | D:2      | Reached skill level 1 in Air Magic
  1859 | D:2      | Reached skill level 1 in Poison Magic
  2437 | D:2      | Noticed Terence
  2451 | D:2      | Slain by Terence

Illustrated notes

Levels and vault maps discovered:
D:1:      onia_arrival_mini_maze, layout_loops_ring, serial_shops,
          nicolae_shop_statue_plus, nicolae_shop_crystal, shop
D:2:      layout_basic, shapermc_ecumenical_altar_pompeii, due_unseen_surprise,
          uniq_natasha, uniq_terence
D:3:      minmay_recursive_quarters, layout_basic,
          chequers_serial_rivers_micro_a, chequers_serial_rivers_small_b,
          kennysheep_generic_room_3, uniq_grinder

Skill      XL: |  1  2  3  4 |
---------------+-------------+-----
Transmutations | 2 |  2.3
Spellcasting   | 5 |  5.1
Invocations    | 1 |  1.3
Fighting       | 1 |  1.2
Short Blades   | 1 |  1.2
Long Blades    | 1 |  1.2
Axes           | 1 |  1.2
Maces & Flails | 1 |  1.2
Polearms       | 1 |  1.2
Staves         | 1 |  1.2
Slings         | 1 |  1.2
Bows           | 1 |  1.2
Crossbows      | 1 |  1.2
Throwing       | 1 |  1.2
Armour         | 1 |  1.2
Shields        | 1 |  1.2
Unarmed Combat | 1 |  1.2
Evocations     | 1 |  1.2
Conjurations   | 1 |  1.0
Hexes          | 1 |  1.0
Summonings     | 1 |  1.0
Necromancy     | 1 |  1.0
Translocations | 1 |  1.0
Fire Magic     | 1 |  1.0
Ice Magic      | 1 |  1.0
Air Magic      | 1 |  1.0
Poison Magic   | 1 |  1.0
Dodging        | |  4.7
Stealth        | |  4.3
Earth Magic    | |  5.5

Action                   |  1- 3 |  4- 6 || total
-------------------------+-------+-------++-------
Melee: Unarmed           |     6 |       ||     6
       Bite              |     1 |       ||     1
       Whip              |    24 |     1 ||    25
 Cast: Sandblast         |    18 |    32 ||    50
       Passwall          |       |     2 ||     2
Armor: Robe              |     5 |       ||     5
       Ring mail         |    17 |     1 ||    18
Dodge: Dodged            |    39 |     7 ||    46
